Map: Lerilak Crest

Players

xKawaiian

  • Race: Terran Terran
  • League: Master

Sync - Winner!

  • Race: Terran Terran
  • League: Master

VOD

Have the link to the VOD?

Description

Time

  • Played on: Jan. 14, 2016, 5:12 p.m.
  • Length: 3:50
Show
View Real Time Build Order
Export as new Build Order

xKawaiian Terran 

Build Orders: 1/1/1, Cyclone Opening 

Get SALT Encoding   

  12  0:00  SCV  
  13  0:13  SCV  
  14  0:17  Supply Depot  
  14  0:25  SCV  
  15  0:39  SCV  
  15  0:40  Barracks  
  16  0:46  Refinery  
  16  0:51  SCV  
  16  0:53  Refinery  
  17  1:03  SCV  
  18  1:15  SCV  
  19  1:26  Marine  
  19  1:28  Orbital Command  
  20  1:33  Factory  
  20  1:42  Supply Depot  
  20  1:46  Marine  
  21  1:53  SCV  
  22  2:04  Marine  
  22  2:05  SCV  
  24  2:17  Factory Tech Lab, Starport  
  24  2:19  SCV  
  25  2:24  Marine  
  26  2:31  Supply Depot, SCV  
  27  2:41  Cyclone  
  30  2:45  Marine  
  31  2:53  SCV  
  31  2:54  Medivac  
  34  3:03  Supply Depot, Marine  
  34  3:05  SCV  
  36  3:14  Siege Tank  
  39  3:25  SCV, Marine  
  44  3:37  SCV  
  44  3:38  Supply Depot  
Show
View Real Time Build Order
Export as new Build Order

Sync Terran - Winner!

Build Orders:  

Get SALT Encoding   

  12  0:01  SCV  
  13  0:13  SCV  
  14  0:18  Supply Depot  
  14  0:25  SCV  
  15  0:39  SCV  
  16  0:43  Barracks  
  16  0:45  Refinery  
  16  0:52  SCV  
  17  1:01  Refinery  
  17  1:04  SCV  
  18  1:16  SCV  
  19  1:31  Barracks Reactor  
  19  1:33  Orbital Command  
  19  1:38  Supply Depot  
  19  2:00  Factory  
  19  2:01  SCV  
  19  2:07  Marine x2  
  21  2:13  SCV  
  22  2:36  SCV  
  23  2:37  Command Center  
  23  2:43  Factory Tech Lab, Marine x2  
  25  2:48  SCV  
  26  2:55  Supply Depot  
  26  3:03  Cyclone, Marine x2  
  31  3:16  SCV  
  32  3:21  Marine x2  
  34  3:28  SCV  
  34  3:32  Starport  
Tags
 
Add a new tag
Caveats
  • Supply blocks, unpowered buildings, or Contaminate may cause inaccurate times.
  • Supply counts are checked every 10 seconds.